 Dungeon Crawl Stone Soup version 0.29-a0-341-g24ffce5b50 (webtiles) character file.

Game seed: 14478164854600683152

83 siradein the Ogre Mage (level 4, -8/39 HPs)
             Began as an Ogre Fire Elementalist on Apr 20, 2022.
             Killed by divine providence
             ... invoked by an orc priest
              (11 damage)
             ... on level 3 of the Dungeon.
             The game lasted 00:11:26 (3399 turns).

siradein the Ogre Mage (Ogre Fire Elementalist)     Turns: 3399, Time: 00:11:27

Health: -8/39      AC:  3    Str: 12    XL:     4   Next: 44%
Magic:  2/8        EV: 10    Int: 18    God:
Gold:   116        SH:  0    Dex: 15    Spells: 3/9 levels left

rFire   . . .      SeeInvis .   h - +1 dagger (protect)
rCold   . . .      Faith    .   (no shield)
rNeg    . . .      Spirit   .   a - +0 robe
rPois   .          Reflect  .   (helmet restricted)
rElec   .          Harm     .   (no cloak)
rCorr   .          Rampage  .   (gloves unavailable)
Will    .....                   (boots unavailable)
Stlth   ++........              (no amulet)
HPRegen 0.13/turn               e - ring of wizardry
MPRegen 0.11/turn               i - +6 ring of dexterity

@: very slightly contaminated
A: large, unfitting armour, tough skin 1
a: no special abilities


You were on level 3 of the Dungeon.
You visited 1 branch of the dungeon, and saw 4 of its levels.

You collected 116 gold pieces.

Inventory:

Hand Weapons
 h - a +1 dagger of protection (weapon)
Armour
 a - a +0 robe (worn)
Jewellery
 e - a ring of wizardry (left hand)
 i - a +6 ring of dexterity (right hand)
Scrolls
 c - a scroll of blinking {unknown}
 d - a scroll of brand weapon {unknown}
 f - 3 scrolls of teleportation {unknown}
 j - 3 scrolls of identify {unknown}
 l - a scroll of summoning {unknown}
 n - a scroll of enchant weapon {unknown}
 o - a scroll of fear {unknown}
Potions
 b - 2 potions of magic
 g - 2 potions of flight {unknown}
 k - a potion of brilliance {unknown}
 m - a potion of haste {unknown}


   Skills:
 + Level 2.5 Dodging
 - Level 1.4 Stealth
 + Level 3.3 Spellcasting
 + Level 1.9 Conjurations
 + Level 3.2 Fire Magic


You had 3 spell levels left.
You knew the following spells:

 Your Spells              Type           Power      Damage    Failure   Level
a - Foxfire               Conj/Fire      48%        2x1d6     2%          1
b - Scorch                Fire           28%        2d6       2%          2
c - Conjure Flame         Conj/Fire      12%        6-21      6%          3

Your spell library contained the following spells:

 Spells                   Type           Power      Damage    Failure   Level
 Inner Flame              Hex/Fire       8%         N/A       10%         3
 Flame Wave               Conj/Fire      12%        2d6       21%         4


Dungeon Overview and Level Annotations

Branches:
Dungeon (4/15)
 Temple: D:4-7

Altars:

Shops:
D:3 *


Innate Abilities, Weirdness & Mutations

You are too large for most types of armour.
You have tough skin. (AC +1)


Message History

The orc priest mumbles some strange prayers to Beogh against you.
Beogh smites you!
The foxfire hits the orc.
You kill the orc!
Your foxfire dissipates!
The orc priest looks satisfied for a moment.
Casting: Foxfire (safe; 2% risk of failure)
Confirm with . or Enter, or press ? or * to list all spells.
You conjure some foxfire!
The foxfire hits the orc priest but does no damage.
The orc priest is moderately wounded.
The foxfire hits the orc priest.
The orc priest is moderately wounded.
Casting: Foxfire (safe; 2% risk of failure)
Confirm with . or Enter, or press ? or * to list all spells.
You conjure some foxfire!
The foxfire hits the orc priest.
The orc priest is severely wounded.
The foxfire hits the orc priest but does no damage.
The orc priest is severely wounded.
Casting: Foxfire (safe; 2% risk of failure)
Confirm with . or Enter, or press ? or * to list all spells.
You conjure some foxfire!
The foxfire hits the orc priest.
The orc priest is severely wounded.
The foxfire hits the orc priest but does no damage.
The orc priest is severely wounded.
The orc priest invokes the aid of Beogh against you.
Pain shoots through your body!
* * * LOW HITPOINT WARNING * * *
Casting: Foxfire (safe; 2% risk of failure)
Confirm with . or Enter, or press ? or * to list all spells.
You miscast Foxfire.
You are very lightly contaminated with residual magic.
Nothing appears to happen.
The orc throws a boomerang.
The boomerang hits you.
* * * LOW HITPOINT WARNING * * *
The orc priest mumbles some strange prayers to Beogh against you.
Beogh smites you!
You die...

#.# #.# #.#
#.# #.# #.#
####### #.#
.......####.##
#....@.o.o.##
#.#######...#
#..##
#)#####..#
#.........
#.######.#
#.##
.#######..##
.ooo)......#


You could see an orc priest and an orc.

Vanquished Creatures
  An adder (D:2)
  A gnoll (D:1)
  A worm (D:2)
  2 dart slugs
  2 orcs (D:3)
  5 ball pythons
  5 endoplasms
  6 giant cockroaches
  6 goblins
  4 hobgoblins
  3 quokkas (D:1)
  2 bats
  A frilled lizard (D:2)
  6 kobolds
  5 rats
  A spectral hobgoblin (D:2)
51 creatures vanquished.

Vanquished Creatures (others)
  140 foxfires
140 creatures vanquished.

Grand Total: 191 creatures vanquished

Notes
Turn   | Place    | Note
-------+----------+-------------------------------------------
     0 | D:1      | siradein the Ogre Fire Elementalist began the quest for the
                  | Orb.
     0 | D:1      | Reached XP level 1. HP: 16/16 MP: 3/3
   158 | D:1      | Reached skill level 1 in Conjurations
   258 | D:1      | Reached XP level 2. HP: 23/24 MP: 2/5
   376 | D:1      | HP: 1/24 [gnoll/+0 spear (5)]
   975 | D:1      | Reached XP level 3. HP: 31/31 MP: 4/7
  1310 | D:1      | Learned a level 2 spell: Scorch
  1314 | D:1      | Learned a level 3 spell: Conjure Flame
  2014 | D:2      | You fall into a shaft and drop 2 floors!
  2052 | D:4      | Noticed a scorpion
  2087 | D:4      | Reached XP level 4. HP: 39/39 MP: 5/8
  2402 | D:3      | Found Taeph's Assorted Antiques.
  2749 | D:2      | Found a faded altar of an unknown god.
  3399 | D:3      | Killed from afar by an orc priest

Illustrated notes

Levels and vault maps discovered:
D:1:      lemuel_arrival_hallway, layout_basic, chequers_mini_garden
D:2:      layout_rooms, dreamdust_ecumenical_altar_drowned_temple,
          serial_curves, eino_curves_01, eino_curves_02,
          amcnicky_mini_pool_small
D:3:      layout_loops_corners, amcnicky_altar_gilded, serial_shops,
          nicolae_shop_trees
D:4:      layout_cave_pools, nicolae_qazlal_general_emergency, kennysheep_mini,
          nicolae_overflow_crystal_walls, chequers_temple_overflow_minitemple

Skill      XL: |  1  2  3 |
---------------+----------+-----
Conjurations   | 1 |  1.9
Dodging        | 2 |  2.5
Fire Magic     | 3 |  3.2
Spellcasting   | 3 |  3.3
Stealth        | |  1.4

Action                   |  1- 3 |  4- 6 || total
-------------------------+-------+-------++-------
Melee: Unarmed           |     2 |       ||     2
 Cast: Foxfire           |    47 |    34 ||    81
Armor: Robe              |     6 |     4 ||    10
Dodge: Dodged            |    14 |     3 ||    17

Table legend: (Time is in decaauts)
 A = Elapsed time spent in this place.
 B = Non-inter-level travel time spent in this place.
 C = Inter-level travel time spent in this place.
 D = Time resting spent in this place.
 E = Time spent auto-exploring this place.
 F = Levels seen in this place.
 G = Mean time per level.
                   A        B        C        D        E       F      G
               +--------+--------+--------+--------+--------+-----+--------+
         Total |   3404 |   3349 |     55 |      0 |   2873 |   4 |  851.0 |
       Dungeon |   3404 |   3349 |     55 |      0 |   2873 |   4 |  851.0 |
               +--------+--------+--------+--------+--------+-----+--------+

Top non-repeatable levels by time:
     D:1: 1822 daAuts
     D:2: 750 daAuts
     D:3: 702 daAuts
     D:4: 128 daAuts
